 Dungeon Crawl Stone Soup version 0.26.1-10-gdfb7c7de75 (webtiles) character file.

Game seed: 9935184676159419081

69 H0rd4k the Charlatan (level 4, -5/32 HPs)
             Began as a Human Artificer on Apr 9, 2021.
             Killed by nerve-wracking pain
             ... invoked by an orc priest
              (10 damage)
             ... on level 3 of the Dungeon.
             The game lasted 00:01:41 (2246 turns).

H0rd4k the Charlatan (Human Artificer)              Turns: 2246, Time: 00:01:41

Health: -5/32      AC:  3    Str: 14    XL:     4   Next: 42%
Magic:  4/4        EV: 11    Int: 11    God:
Gold:   150        SH:  0    Dex: 13    Spells: 3/3 levels left

rFire    . . .     SeeInvis .   j - +3 short sword
rCold    . . .     Faith    .   (no shield)
rNeg     . . .     Spirit   .   b - +0 leather armour
rPois    .         Reflect  .   (no helmet)
rElec    .         Harm     .   (no cloak)
rCorr    .         Rampage  .   (no gloves)
Will     .....                  (no boots)
Stlth    ++........             a - amulet of the acrobat
HPRegen  0.10/turn              h - +4 ring of slaying
MPRegen  0.09/turn              (no ring)

@: no status effects
A: no striking features
a: no special abilities


You were on level 3 of the Dungeon.
You visited 1 branch of the dungeon, and saw 3 of its levels.

You collected 150 gold pieces.

Inventory:

Hand Weapons
 f - a +0 dagger
 j - a +3 short sword (weapon)
Armour
 b - a +0 leather armour (worn)
Jewellery
 a - an amulet of the acrobat (around neck)
 h - a +4 ring of slaying (left hand)
 s - a +6 ring of intelligence {unknown}
Wands
 c - a wand of flame (15) (quivered)
 d - a wand of enslavement (15)
 e - a wand of random effects (15)
Scrolls
 k - 3 scrolls of remove curse {unknown}
 l - a scroll of enchant weapon {unknown}
 n - 2 scrolls of teleportation {unknown}
 o - 2 scrolls of identify {unknown}
 p - a scroll of blinking {unknown}
 q - a scroll of magic mapping {unknown}
 r - a scroll of amnesia {unknown}
Potions
 g - 2 potions of brilliance {unknown}
 i - 2 potions of ambrosia {unknown}
 m - a potion of might {unknown}
 t - a potion of curing {unknown}


   Skills:
 + Level 1.6 Fighting
 + Level 1.2 Short Blades
 + Level 2.4 Armour
 + Level 1.3 Dodging
 + Level 1.5 Stealth
 + Level 3.7 Evocations


You had 3 spell levels left.
You didn't know any spells.
Your spell library was empty.

Dungeon Overview and Level Annotations

Branches:
Dungeon (3/15)

Altars:
Sif Muna


Message History

You hit the orc wizard.
The orc wizard is moderately wounded.
The orc wizard misses you.
You puncture the orc wizard!
The orc wizard is severely wounded.
The orc wizard hits you with a +0 dagger.
The orc priest hits you with a +0 hand axe!
You hit the orc wizard.
The orc wizard is almost dead.
The orc wizard hits you with a +0 dagger.
* * * LOW HITPOINT WARNING * * *
The orc priest mumbles some strange prayers to Beogh against you.
Pain shoots through your body!
* * * LOW HITPOINT WARNING * * *
You hit the orc wizard but do no damage.
The orc wizard is almost dead.
The orc wizard begins to cast a cantrip, but forgets the words!
The orc priest calls down the wrath of Beogh upon you.
Pain shoots through your body!
You die...

.....†..#.........
........#...#######
##......##........# .
#................# ..
#................# ...
..................# ....
...............)..#.....
..........#.........
..........#.@o$.....
.##.##......o....... #.
#..............
#..............
.....########## ..### ..


You could see an orc priest and an orc wizard.

Vanquished Creatures
  An adder (D:3)
  An ooze (D:1)
  A worm (D:2)
  An orc (D:3)
  6 giant cockroaches
  9 goblins
  7 hobgoblins
  4 jackals (D:1)
  5 bats
  A frilled lizard (D:3)
  7 kobolds (D:1)
  4 rats
47 creatures vanquished.

Notes
Turn   | Place    | Note
-------+----------+-------------------------------------------
     0 | D:1      | H0rd4k the Human Artificer began the quest for the Orb.
     0 | D:1      | Reached XP level 1. HP: 15/15 MP: 1/1
   356 | D:1      | Reached XP level 2. HP: 21/21 MP: 2/2
   648 | D:1      | Reached XP level 3. HP: 15/26 MP: 3/3
  1640 | D:2      | Found a shimmering blue altar of Sif Muna.
  1868 | D:2      | Reached XP level 4. HP: 31/32 MP: 4/4
  2194 | D:3      | Reached skill level 1 in Short Blades
  2246 | D:3      | Killed from afar by an orc priest

Illustrated notes

Levels and vault maps discovered:
D:1:      sevenhm_arrival_forest_fort_large_4, layout_basic
D:2:      layout_basic, general_overflow_altar, minmay_misc_feat_cross
D:3:      layout_basic

Skill      XL: |  1  2  3  4 |
---------------+-------------+-----
Short Blades   | 1 |  1.2
Fighting       | |  1.6
Armour         | |  2.4
Dodging        | |  1.3
Stealth        | |  1.5
Evocations     | |  3.7

Action                   |  1- 3 |  4- 6 || total
-------------------------+-------+-------++-------
Melee: Club              |    14 |       ||    14
       Dagger            |    69 |       ||    69
       Short sword       |    30 |    26 ||    56
 Stab: Sleeping          |     3 |     1 ||     4
Armor: Leather armour    |    20 |     4 ||    24
Dodge: Dodged            |    72 |    19 ||    91
